 Dungeon Sprint DCSS version 0.24-a0-486-ged8816983f (webtiles) character file.

Game seed: 18246543530944830596

6 gruber the Slasher (level 1, 0/11 HPs)
             Began as a Vine Stalker Fighter on July 9, 2019.
             Succumbed to a kobold's poison
             ... in the Dungeon (Sprint IX: "|||||||||||||||||||||||||||||").
             The game lasted 00:00:10 (16 turns).

gruber the Slasher (Vine Stalker Fighter)             Turns: 16, Time: 00:00:10

Health: 0/11       AC:  6    Str: 18    XL:     1   Next: 90%
Magic:  1/2        EV:  7    Int:  8    God:
Gold:   0          SH:  9    Dex: 13    Spells: 0/0 levels left

rFire    . . .     SeeInvis .   a - +0 long sword
rCold    . . .     Gourm    .   c - +0 shield
rNeg     . . .     Faith    .   b - +0 scale mail
rPois    .         Spirit   +   (no helmet)
rElec    .         Reflect  .   (no cloak)
rCorr    .         Harm     .   (no gloves)
MR       .....     NoTele   +   (no boots)
Stlth    ..........             (no amulet)
HPRegen  0.03/turn              (no ring)
MPRegen  0.08/turn              (no ring)

@: lethally poisoned (0 -> -11)
A: fangs 2, magic shield, antimagic bite, no potion heal 3, rot immunity
a: no special abilities


You were in the Dungeon.
You were not hungry.

You visited 1 branch

Inventory:

Hand Weapons
 a - a +0 long sword (weapon)
Armour
 b - a +0 scale mail (worn)
 c - a +0 shield (worn)
Scrolls
 k - a scroll of blinking
Potions
 d - a potion of might
 e - a potion of curing
 g - a potion of heal wounds
 h - a potion of haste
 i - 2 potions of magic
 j - a potion of berserk rage
Comestibles
 f - a ration


   Skills:
 - Level 2.6 Fighting
 + Level 3.7 Long Blades
 - Level 2.4 Armour
 - Level 2.6 Shields


You couldn't memorise any spells.
You didn't know any spells.
Your spell library was empty.

Dungeon Overview and Level Annotations

Branches:
Dungeon (1/1)

Altars:


Innate Abilities, Weirdness & Mutations

You have extremely sharp teeth.
When hurt, damage is shared between your health and your magic reserves.
Your bite disrupts and absorbs the magic of your enemies.
Potions cannot restore your health.
You are immune to rotting.


Message History

You feel sick. You block the bat's attack. You block the bat's attack.
There is an open door to the Dungeon here.
Things that are here:
a +2 dagger of venom; a dart slug corpse You barely miss the bat.
Your bite misses the bat.
* * * LOW HITPOINT WARNING * * *
You feel sick. The bat hits you but does no damage.
You slash the bat!
You kill the bat!
* * * LOW HITPOINT WARNING * * *
You feel sick. The dart slug launches a dart at you. You block the slug dart.
The dart slug bites you.
* * * LOW HITPOINT WARNING * * *
You see here a bat corpse.
You hit the dart slug.
The dart slug is moderately wounded.
You die... ▓▓▓▓▓▓▓▓▓▓▓▓ +...w@)...<▓ ▓▓▓▓▓▓▓▓▓▓▓▓

You could see a dart slug.

Vanquished Creatures
  A dart slug (D)
  A jackal (D)
  A kobold (D)
  A bat (D)
4 creatures vanquished.

Notes
Turn   | Place    | Note
-------+----------+-------------------------------------------
     0 | D        | gruber the Vine Stalker Fighter began the quest for the
                  | Orb.
     0 | D        | Reached XP level 1. HP: 11/11 MP: 2/2
     4 | D        | Reached skill level 2 in Long Blades
     7 | D        | Reached skill level 3 in Long Blades
    16 | D        | Succumbed to a kobold's poison

Levels and vault maps discovered:
D:        linesprint [early_d, line_temple, items_1, d_10, items_2, lair_1,
          lair_end, items_3, orc_1, orc_end, items_4, d_15, swamp_1, shoals_1,
          snake_1, spider_1, d_20, vaults_1, items_5, swamp_end, shoals_end,
          snake_end, spider_end, vaults_end, d_27, items_6, zot_1, zot_end,
          crypt_end, forest_end, elf_end, slime_end, tomb_end, abyss_end,
          pan_hell_end]

Skill      XL: |  1 |
---------------+----+-----
Long Blades    | 3 |  3.7
Fighting       | |  2.6
Armour         | |  2.4
Shields        | |  2.6

Action                   || total
-------------------------++-------
Melee: Long sword        ||    11
       Bite              ||     2
Armor: Scale mail        ||     3
Dodge: Dodged            ||     1
Block: Shield            ||     4

Table legend:
 A = Non-vault XP
 B = Vault XP
 C = Vault XP percentage of total XP
 D = Non-vault monster count
 E = Vault monster count
 F = Vault count percentage of total count
                 A         B        C        D         E       F
            +---------+---------+-------+---------+---------+-------
      Total |       0 |       9 | 100.0 |       0 |       4 | 100.0
            +---------+---------+-------+---------+---------+-------
          D |       0 |       9 | 100.0 |       0 |       4 | 100.0
            +---------+---------+-------+---------+---------+-------
